 Dungeon Crawl Stone Soup version 0.16.2-12-gd0ad4c3 (webtiles) character file.

228 magipi the Chopper (level 6, 0/48 HPs)
             Began as a Ghoul Gladiator on Mar 15, 2016.
             Slain by an ogre
             ... wielding a +0 giant spiked club
              (28 damage)
             ... on level 4 of the Dungeon.
             The game lasted 00:12:32 (1725 turns).

magipi the Chopper (Ghoul Gladiator)                Turns: 1725, Time: 00:12:32

Health: 0/48       AC: 10    Str: 19    XL:     6   Next: 2%
Magic:  5/5        EV:  9    Int:  4    God:
Gold:   153        SH:  0    Dex: 10    Spells: 0 memorised, 5 levels left

rFire  . . .     SeeInvis .     a - +0 war axe
rCold  + . .     Clarity  .     u - +0 chain mail
rNeg   + + +     SustAb   .     (no shield)
rPois  ∞         Gourm    .     k - +0 helmet
rElec  .         Spirit   .     (no cloak)
rCorr  .         Warding  .     (no gloves)
rMut   .         Stasis   .     (no boots)
MR     .....                    (no amulet)
Stlth  ..........               h - +1 ring of evasion
                                e - +1 ring of protection

@: rotting, not resistant to hostile enchantments, extremely unstealthy
A: rotting body, claws 1, carnivore 3, cold resistance 1, negative energy
resistance 3, poison resistance, slow healing 1, torment resistance, unbreathing
a: no special abilities


You were on level 4 of the Dungeon.
You were not hungry.

You visited 1 branch of the dungeon, and saw 4 of its levels.

You collected 153 gold pieces.

Inventory:

Hand weapons
 a - a +0 war axe (weapon)
Missiles
 d - 3 throwing nets (quivered)
 s - 17 poisoned needles
Armour
 k - a +0 helmet (worn)
 u - a +0 chain mail (worn)
Jewellery
 c - an uncursed ring of protection from cold
 e - a +1 ring of protection (left claw)
 h - a +1 ring of evasion (right claw)
 t - an uncursed ring of wizardry
Magical devices
 n - a wand of flame (1)
Scrolls
 g - 3 scrolls of identify {unknown}
 j - a scroll of fog {unknown}
 o - a scroll of recharging {unknown}
 p - 3 scrolls of remove curse {unknown}
Potions
 f - a potion of magic {unknown}
 i - 3 potions of curing
 m - a potion of cure mutation {unknown}
Comestibles
 l - a meat ration
 q - 8 chunks of flesh


   Skills:
 - Level 2.1 Fighting
 + Level 5.9 Axes
 - Level 1.7 Throwing
 - Level 2.6 Dodging


You had 5 spell levels left.
You didn't know any spells.

Dungeon Overview and Level Annotations

Branches:
Dungeon (4/15)
 Temple: D:4-7

Altars:
Cheibriados
Vehumet
Yredelemnul


Innate Abilities, Weirdness & Mutations

Your body is rotting away.
You thrive on raw meat.
You have sharp fingernails.
You are carnivorous and can eat meat at any time.
Your flesh is cold resistant.
You are immune to negative energy.
Your system is resistant to poisons.
You heal slowly when monsters are visible.
You are immune to unholy pain and torment.
You can survive without breathing.

Vault maps used:
D:1:      minmay_arrival_checkered_box, kennysheep_crisscross
D:2:      wad_lake_hut, cheibriados_altar_1, uniq_jessica
D:3:      lemuel_zombie_altar_yredelemnul, fiery_altar_vehumet, uniq_natasha,
          uniq_grinder, uniq_robin
D:4:      lemuel_coloured_pillars_altar, minmay_temple_entry_mist


Message History

Things that are here:
a dagger; a robe Eat one of 9 chunks of flesh? (ye/n/q/i?) This raw flesh tastes great!
You continue eating. x2
There is an open door, spattered with blood here.
Items here: ))) [ ÷ a dagger; a ring mail; a dagger of speed; a hand axe; an orc skeleton
Found a beef jerky and a long sword.
You now have 153 gold pieces (gained 10).
You open the door.
Found a chain mail.
There is an open door here.
An orc wizard comes into view. It is wielding a dagger.
The orc wizard shouts!
The orc wizard hits you with a dagger.
An orc comes into view. It is wielding a whip.
The orc shouts!
You slash the orc wizard!
The orc wizard is heavily wounded.
The orc moves out of view.
The orc wizard hits you but does no damage.
A hobgoblin comes into view. It is wielding a club.
The hobgoblin shouts!
You slash the orc wizard!
You kill the orc wizard!
The hobgoblin moves out of view.
An orc wizard comes into view. It is wielding a dagger.
The orc wizard shouts!
You slash the hobgoblin!
You kill the hobgoblin!
The orc wizard gestures wildly while chanting.
The orc wizard flickers and vanishes!
Deactivating autopickup; reactivate with Ctrl-A.
You hit the orc but do no damage. The orc barely misses you.
You closely miss the orc. The orc barely misses you.
You slash the orc!
You kill the orc!
The magic dart hits you!
You slash something! Something hits you.
You hit something but do no damage. Something hits you but does no damage.
You closely miss something. Something hits you but does no damage.
You slash something!
Reactivating autopickup.
You have reached level 6!
Your experience leads to an increase in your attributes!
Increase (S)trength, (I)ntelligence, or (D)exterity?
You feel agile.
You feel a bit more experienced.
Items here: )))) [[[ † You butcher the orc corpse.
q - 9 chunks of flesh (gained 1)
Items here: )))) [[[ ÷ Eat one of 9 chunks of flesh? (ye/n/q/i?) This raw flesh tastes great!
You continue eating. x2
You see here a chain mail.
u - a chain mail Wear which item? (? for menu, Esc to quit)
You start removing your armour.
You continue taking off your +0 ring mail. x4
You finish taking off your +0 ring mail.
You start putting on your armour.
You continue putting on your chain mail. x5
You finish putting on your +0 chain mail.
Drop what? 21/52 slots (_ for help) (? for menu, Esc to quit)
You drop a +0 leather armour.
You drop a +0 ring mail.
As you open the door, it creaks loudly!
You hear a shout!
An ogre comes into view. It is wielding a giant spiked club.
The ogre shouts!
Found 7 gold pieces.
There is an open door here.
Evoke which item? (* to show all) (? for menu, Esc to quit)
Zapping:
n - a wand of flame {zapped: 6} (will waste charges)
Press: ? - help, Shift-Dir - straight line, f - ogre
Aim: an ogre, wielding a giant spiked club The puff of flame hits the ogre.
The ogre is moderately wounded.
Evoking this partially-identified wand wasted a few charges.
Unknown command.
Evoke which item? (* to show all) (? for menu, Esc to quit)
Zapping:
n - a wand of flame {zapped: 8} (will waste charges)
Press: ? - help, Shift-Dir - straight line, f/p - ogre
Aim: an ogre, wielding a giant spiked club (moderately wounded)
The puff of flame hits the ogre.
The ogre is heavily wounded.
Evoking this partially-identified wand wasted a few charges.
Unknown command.
You hit the ogre but do no damage.
The ogre is heavily wounded.
The ogre hits you with a giant spiked club!
You slash the ogre!
The ogre is severely wounded.
The ogre hits you with a giant spiked club!
You hit the ogre.
The ogre is almost dead.
The ogre hits you with a giant spiked club!!
Ouch! That really hurt!
You die...

#.............
#######............
#.....#...........)
+....))...........%..
#....<#..............#
#.....#..............#
#.....##'#######.....#
#.....#...[...##.....#
+.....#...@O..'......#
#.....+.......#......#
#.....#.......#.$....#
.....#..##)..###....#
.##+###...# #####
.......# ........#
.........# .........#


You could see an ogre.

Table legend:
 A = Kills in this place as a percentage of kills in entire the game.
 B = Kills by you in this place as a percentage of kills by you in the entire game.
 C = Kills by friends in this place as a percentage of kills by friends in the entire game.
 D = Other kills in this place as a percentage of other kills in the entire game.
 E = Experience gained in this place as a percentage of experience gained in the entire game.
 F = Experience gained in this place divided by the number of levels of this place that you have seen.
                   A       B       C       D       E      F
               +-------+-------+-------+-------+-------+----------------------
         Total | 100.0 | 100.0 |  -nan |  -nan | 100.0 |  81.5
       Dungeon | 100.0 | 100.0 |  -nan |  -nan | 100.0 |  81.5
               +-------+-------+-------+-------+-------+----------------------

Vanquished Creatures
  Natasha (D:3)
  4 orc wizards
  Jessica (D:2)
  An adder (D:3)
  A giant mite (D:3)
  An ooze (D:2)
  10 orcs
  A ball python (D:1)
  8 bats
  3 giant cockroaches
  4 goblins
  5 hobgoblins
  5 jackals
  A giant gecko (D:1)
  6 giant newts
  2 gnoll zombies (D:3)
  6 kobolds
  4 rats
64 creatures vanquished.

Notes
Turn   | Place    | Note
--------------------------------------------------------------
     0 | D:1      | magipi, the Ghoul Gladiator, began the quest for the Orb.
     0 | D:1      | Reached XP level 1. HP: 17/17 MP: 1/1
    77 | D:1      | Reached skill level 3 in Axes
   145 | D:1      | Reached XP level 2. HP: 21/24 MP: 2/2
   603 | D:2      | Reached XP level 3. HP: 28/28 MP: 3/3
   765 | D:3      | Found a radiant altar of Vehumet.
   980 | D:2      | Reached skill level 4 in Axes
  1005 | D:2      | Found a snail-covered altar of Cheibriados.
  1065 | D:2      | Noticed Jessica
  1082 | D:2      | Killed Jessica
  1120 | D:2      | Reached XP level 4. HP: 10/35 MP: 3/3
  1355 | D:3      | Found a basalt altar of Yredelemnul.
  1511 | D:3      | Noticed Natasha
  1529 | D:3      | Killed Natasha
  1529 | D:3      | Reached skill level 5 in Axes
  1529 | D:3      | Reached XP level 5. HP: 29/41 MP: 4/4
  1685 | D:4      | Reached XP level 6. HP: 36/48 MP: 5/5
  1716 | D:4      | Noticed an ogre
  1725 | D:4      | Slain by an ogre

Action                   |  1- 3 |  4- 6 || total
-------------------------+-------+-------++-------
Melee: War axe           |    92 |   109 ||   201
Throw: Throwing net      |       |     1 ||     1
Evoke: Wand              |       |     2 ||     2
  Use: Potion            |       |     1 ||     1
  Eat: Chunk             |     6 |    13 ||    19

Action                   |  1- 3 |  4- 6 || total
-------------------------+-------+-------++-------
Melee: War axe           |    92 |   109 ||   201
Throw: Throwing net      |       |     1 ||     1
Evoke: Wand              |       |     2 ||     2
  Use: Potion            |       |     1 ||     1
  Eat: Chunk             |     6 |    13 ||    19

Action                   |  1- 3 |  4- 6 || total
-------------------------+-------+-------++-------
Melee: War axe           |    92 |   109 ||   201
Throw: Throwing net      |       |     1 ||     1
Evoke: Wand              |       |     2 ||     2
  Use: Potion            |       |     1 ||     1
  Eat: Chunk             |     6 |    13 ||    19
